Map: Dusk Towers

Players

KoyoT

  • Race: Terran Terran
  • League: Grandmaster

HolyHit - Winner!

  • Race: Protoss Protoss
  • League: Master

Event: Gauntlet LotV Series 1 Qualifier 1

VOD

Have the link to the VOD?

Description

Time

  • Played on: Nov. 22, 2015, 5 p.m.
  • Length: 13:45

All games in this series

Show
View Real Time Build Order
Export as new Build Order

KoyoT Terran 

Build Orders: Reaper Expand, MMM Bio 

Get SALT Encoding   

  12  0:01  SCV  
  13  0:13  SCV  
  14  0:17  Supply Depot  
  14  0:25  SCV  
  15  0:38  SCV  
  15  0:42  Barracks  
  16  0:46  Refinery  
  16  0:50  SCV  
  17  1:03  SCV  
  18  1:15  SCV  
  19  1:30  Reaper  
  19  1:31  Orbital Command  
  20  1:46  Command Center  
  20  1:53  Supply Depot  
  20  1:58  SCV  
  21  2:02  Barracks Reactor  
  21  2:07  Refinery  
  21  2:10  SCV  
  22  2:22  SCV  
  23  2:27  Factory  
  23  2:34  SCV  
  23  2:39  Marine x2  
  23  2:42  Supply Depot  
  25  2:46  SCV  
  26  2:55  Bunker  
  26  2:57  Marine x2  
  28  2:58  SCV  
  28  3:01  Orbital Command  
  29  3:10  SCV  
  30  3:14  Starport  
  30  3:20  Widow Mine  
  31  3:31  Marine  
  31  3:32  SCV  
  31  3:33  SCV  
  34  3:42  Widow Mine  
  34  3:44  SCV  
  34  3:45  SCV  
  38  3:48  Widow Mine  
  38  3:51  Medivac  
  38  3:53  Supply Depot  
  38  3:55  Barracks Tech Lab  
  42  3:56  SCV  
  42  3:57  SCV  
  44  4:08  SCV  
  45  4:11  Widow Mine  
  45  4:16  SCV  
  48  4:17  Widow Mine  
  48  4:20  SCV  
  51  4:25  Barracks Tech Lab  
  51  4:28  Supply Depot, SCV  
  51  4:29  Raven  
  54  4:32  SCV  
  55  4:40  SCV  
  55  4:45  SCV  
  51  4:52  SCV  
  52  4:57  SCV, Marine  
  51  5:06  SCV  
  48  5:09  Liberator  
  48  5:10  SCV  
  45  5:18  SCV  
  47  5:22  Command Center, SCV  
  50  5:30  SCV  
  50  5:33  High Capacity Fuel Tanks  
  50  5:34  Siege Tank  
  50  5:35  SCV  
  55  5:37  Supply Depot  
  55  5:42  SCV  
  56  5:44  Marine x2  
  56  5:47  SCV, Barracks  
  59  5:54  SCV  
  60  5:59  SCV  
  60  6:00  Supply Depot, Refinery  
  60  6:02  Marine x2  
  63  6:06  SCV  
  63  6:08  Barracks  
  64  6:11  SCV  
  64  6:14  Factory Reactor  
  65  6:18  SCV  
  65  6:24  SCV, Engineering Bay  
  65  6:25  Engineering Bay  
  67  6:30  SCV, Bunker  
  67  6:31  Refinery  
  67  6:32  Marine x2  
  68  6:36  SCV  
  72  6:41  Barracks, Starport Reactor  
  72  6:44  Barracks, Orbital Command  
  70  6:51  Marine  
  70  6:52  Marine  
  70  6:53  Stimpack, Marine  
  72  6:54  SCV  
  72  6:56  Combat Shields  
  72  6:57  Marine  
  72  6:59  SCV  
  75  7:05  Supply Depot  
  75  7:07  Supply Depot  
  75  7:09  Widow Mine, Marine x2  
  75  7:10  Widow Mine  
  81  7:17  Marauder  
  81  7:18  Supply Depot, Marauder  
  81  7:20  Medivac  
  81  7:22  Medivac  
  89  7:25  SCV  
  89  7:27  Orbital Command  
  89  7:29  Terran Infantry Weapons Level 1, Terran Infantry Armor Level 1  
  90  7:31  Barracks Reactor, Barracks Tech Lab  
  90  7:34  Supply Depot  
  90  7:35  Supply Depot  
  90  7:40  Missile Turret  
  90  7:44  Missile Turret  
  90  7:45  SCV x2  
  90  7:51  Marine x4  
  96  7:59  SCV x2  
  96  8:00  SCV  
  96  8:01  Marine  
  96  8:04  Concussive Shells  
  100  8:09  Marine  
  100  8:11  SCV x2  
  100  8:12  SCV, Medivac x2  
  106  8:17  Marauder, Marine x3  
  106  8:18  Marauder  
  106  8:19  Marine  
  116  8:22  Missile Turret  
  116  8:24  SCV x2  
  116  8:26  Marine  
  118  8:35  Marine x3  
  118  8:37  Marauder  
  118  8:38  Marine  
  118  8:39  Marauder  
  121  8:43  SCV x2  
  121  8:44  Marine  
  121  8:45  SCV, Liberator x2  
  122  8:53  Marine x3  
  125  8:55  SCV  
  125  8:56  SCV  
  125  8:57  Marauder  
  125  8:58  Armory, Marauder  
  137  9:09  Marine  
  139  9:10  Marauder  
  139  9:11  Marine  
  139  9:12  Refinery x2  
  141  9:17  Supply Depot  
  141  9:20  Supply Depot  
  141  9:26  Supply Depot  
  141  9:34  SCV x2  
  141  9:37  SCV, Marauder  
  134  9:46  SCV x2  
  134  9:51  Marine x5  
  134  9:52  Widow Mine, Marauder  
  121  9:58  Marine  
  105  10:01  Widow Mine  
  105  10:05  Medivac x2  
  99  10:09  Barracks, Marine x4  
  99  10:10  Barracks, Marauder  
  99  10:12  Barracks, Marine  
  99  10:13  Terran Infantry Weapons Level 2, Terran Infantry Armor Level 2  
  106  10:16  Marine  
  106  10:20  Widow Mine  
  109  10:27  Marine x4  
  111  10:31  Marine x2  
  111  10:33  Widow Mine  
  111  10:34  Marine  
  110  10:36  Medivac  
  110  10:39  Barracks  
  112  10:44  Marine x2, Medivac  
  112  10:45  Marine x2  
  112  10:49  SCV x3, Marine x2, Widow Mine  
  125  10:55  Marauder  
  127  11:01  Supply Depot  
  127  11:02  Barracks Tech Lab x2  
  127  11:03  Supply Depot  
  121  11:12  Marauder, Marine x2  
  121  11:13  Liberator x2  
  117  11:27  Marauder, Marine x2  
  117  11:31  Barracks Tech Lab, Marauder  
  129  11:35  Marine  
  129  11:36  Marauder x2, Marine x2  
  136  11:41  Command Center  
  136  11:42  Widow Mine  
  136  11:44  Marine x2  
  137  11:48  Marauder  
  137  11:52  Marine  
  137  11:53  Marine  
  137  11:54  Marauder x2, Marine  
  143  11:57  Marauder, Marine  
  143  11:58  Widow Mine  
  149  12:02  Marine x2  
  149  12:10  Marauder, Marine  
  149  12:11  Marine  
  149  12:12  Marine  
  149  12:15  Marauder x2, Marine  
  159  12:17  Medivac x2  
  159  12:19  Marauder  
  159  12:20  Marine x2  
  167  12:28  Marauder  
  167  12:29  Marine x2  
  168  12:31  Marauder  
  168  12:33  Marauder  
  168  12:36  Marine  
  168  12:37  Marauder  
  170  12:38  Marine x2  
  170  12:40  Marauder  
  165  12:47  Marine  
  165  12:49  Marauder  
  155  12:54  Marine x2  
  155  12:55  Marauder, Marine  
  155  12:56  Marine x2  
  155  12:58  Marauder  
  120  13:01  Marine  
  120  13:05  Marine  
  114  13:08  Medivac x2  
  114  13:10  Marine  
  114  13:12  Marine x2  
  119  13:13  Marine, Marauder  
  119  13:14  Marine  
  119  13:17  Marauder  
  119  13:19  Marauder x2  
  135  13:20  SCV x2  
  135  13:22  Marine  
Show
View Real Time Build Order
Export as new Build Order

HolyHit Protoss - Winner!

Build Orders: 1 Gate Expand, Oracle Opening, Phoenix Opening 

Get SALT Encoding   

  12  0:01  Probe (Chrono Boost)  
  13  0:11  Probe (Chrono Boost)  
  14  0:17  Pylon  
  14  0:22  Probe (Chrono Boost)  
  15  0:36  Probe (Chrono Boost), Gateway  
  16  0:45  Assimilator  
  16  0:46  Probe (Chrono Boost)  
  18  0:57  Probe (Chrono Boost)  
  18  1:07  Probe (Chrono Boost)  
  19  1:18  Probe (Chrono Boost)  
  20  1:22  Nexus  
  20  1:28  Probe (Chrono Boost)  
  21  1:36  Cybernetics Core  
  21  1:39  Probe (Chrono Boost)  
  22  1:47  Assimilator  
  22  1:50  Probe (Chrono Boost)  
  23  1:56  Pylon  
  23  2:13  Warp Gate (Chrono Boost)  
  23  2:14  Adept  
  23  2:15  Mothership Core (Chrono Boost)  
  27  2:33  Probe (Chrono Boost)  
  29  2:37  Probe (Chrono Boost)  
  29  2:42  Stargate  
  29  2:44  Probe (Chrono Boost)  
  30  2:47  Probe (Chrono Boost)  
  30  2:50  Stalker  
  33  2:54  Probe (Chrono Boost)  
  33  2:58  Probe (Chrono Boost)  
  35  3:03  Assimilator  
  35  3:05  Probe (Chrono Boost)  
  36  3:07  Pylon  
  36  3:08  Probe (Chrono Boost)  
  37  3:15  Probe (Chrono Boost)  
  37  3:19  Probe (Chrono Boost)  
  39  3:26  Probe (Chrono Boost), Oracle (Chrono Boost)  
  40  3:29  Probe (Chrono Boost)  
  44  3:36  Probe (Chrono Boost)  
  44  3:40  Probe  
  46  3:47  Pylon  
  46  3:48  Probe  
  46  3:49  Robotics Facility  
  46  3:52  Probe  
  46  3:54  Assimilator  
  50  3:58  Phoenix  
  50  4:00  Probe  
  53  4:04  Probe  
  53  4:06  Pylon  
  52  4:12  Probe  
  52  4:16  Probe  
  54  4:19  Phoenix  
  54  4:20  Stalker  
  58  4:24  Probe  
  59  4:34  Probe  
  59  4:35  Nexus  
  59  4:37  Observer  
  61  4:38  Probe  
  62  4:46  Probe  
  62  4:47  Phoenix  
  62  4:49  Stalker  
  62  4:50  Probe  
  68  4:58  Probe  
  66  5:08  Probe  
  66  5:10  Pylon  
  67  5:18  Gateway  
  67  5:20  Gateway  
  67  5:23  Pylon  
  67  5:26  Sentry, Phoenix  
  67  5:28  Probe, Pylon  
  70  5:29  Immortal (Chrono Boost)  
  76  5:37  Gateway, Probe  
  76  5:40  Probe  
  78  5:48  Phoenix  
  79  5:50  Probe  
  79  5:52  Sentry  
  79  5:55  Probe, Robotics Bay  
  79  5:56  Probe  
  84  5:57  Pylon  
  84  6:03  Probe  
  86  6:05  Warp Prism (Chrono Boost)  
  86  6:08  Probe  
  86  6:09  Probe  
  89  6:12  Phoenix  
  89  6:15  Probe  
  92  6:20  Stalker x2  
  92  6:23  Probe x2  
  98  6:27  Probe  
  99  6:35  Probe x2  
  99  6:37  Forge, Assimilator  
  99  6:39  Forge  
  101  6:43  Probe, Disruptor (Chrono Boost)  
  101  6:45  Probe  
  106  6:47  Probe  
  107  6:56  Probe x2  
  107  6:58  Phoenix  
  107  7:00  Assimilator  
  109  7:04  Twilight Council  
  109  7:07  Gateway  
  111  7:10  Gateway  
  111  7:12  Pylon  
  111  7:14  Disruptor (Chrono Boost)  
  114  7:18  Protoss Ground Weapons Level 1, Protoss Ground Armor Level 1  
  114  7:19  Photon Cannon  
  114  7:21  Probe  
  114  7:22  Photon Cannon  
  115  7:27  Phoenix  
  115  7:31  Pylon  
  115  7:34  Pylon  
  117  7:37  Adept x4  
  125  7:45  Pylon  
  125  7:47  Disruptor (Chrono Boost)  
  125  7:48  Pylon  
  128  7:52  Probe  
  128  7:53  Probe  
  130  8:00  Charge (Chrono Boost)  
  130  8:04  Zealot x4  
  137  8:09  Pylon  
  137  8:12  Pylon  
  137  8:16  Disruptor  
  140  8:27  Phoenix, Robotics Facility  
  140  8:30  Pylon  
  140  8:45  Zealot x4  
  140  8:46  Zealot x2  
  140  8:47  Disruptor  
  148  8:52  Phoenix  
  149  9:00  Gateway  
  149  9:01  Nexus  
  149  9:03  Extended Thermal Lance, Pylon  
  149  9:08  Pylon  
  149  9:14  Fleet Beacon  
  149  9:17  Protoss Ground Armor Level 2  
  149  9:19  Protoss Ground Weapons Level 2  
  149  9:24  Phoenix  
  122  9:53  Zealot x6  
  122  9:56  Phoenix  
  122  9:57  Colossus  
  132  10:03  Warp Prism  
  136  10:10  Pylon  
  136  10:13  Assimilator  
  136  10:19  Assimilator  
  136  10:21  Phoenix  
  132  10:34  Probe  
  132  10:35  Probe  
  132  10:36  Probe x2  
  132  10:41  Anion Pulse-Crystals  
  132  10:42  Zealot x6  
  142  10:43  Colossus  
  142  10:46  Phoenix  
  156  10:51  Colossus  
  156  11:03  Probe, Blink (Chrono Boost)  
  163  11:04  Photon Cannon  
  163  11:11  Phoenix  
  155  11:20  Pylon  
  153  11:30  Zealot x7  
  167  11:36  Phoenix  
  167  11:37  Colossus  
  175  11:41  Warp Prism  
  177  11:53  Stalker x5  
  187  12:09  Colossus  
  187  12:12  Zealot x2  
  197  12:30  Nexus  
  197  12:32  Assimilator  
  197  12:36  Phoenix  
  199  12:37  Assimilator  
  199  12:41  Pylon  
  166  13:00  Warp Prism  
  164  13:07  Zealot x5  
  164  13:08  Zealot x2  
  184  13:17  Pylon  
  184  13:19  Templar Archives  
  170  13:39  Pylon  
  169  13:41  Stalker x3  
  169  13:42  Stalker  
Tags
 
Add a new tag
Caveats
  • Supply blocks, unpowered buildings, or Contaminate may cause inaccurate times.
  • Supply counts are checked every 10 seconds.